 Dungeon Crawl Stone Soup version 0.27-a0-77-gd04b7445b5 (webtiles) character file.

Game seed: 14420438747402430698

465 lunkers the Zephyrmancer (level 7, -3/36 HPs)
             Began as a Tengu Air Elementalist on Jan 13, 2021.
             Was a Follower of Ashenzari.
             Shot with an arrow by a centaur (16 damage)
             ... on level 5 of the Dungeon.
             The game lasted 00:06:11 (5402 turns).

lunkers the Zephyrmancer (Tengu Air Elementalist)   Turns: 5402, Time: 00:06:12

Health: -3/36      AC:  2    Str:  9    XL:     7   Next: 8%
Magic:  4/14       EV: 12    Int: 17    God:    Ashenzari [*.....]
Gold:   143        SH:  0    Dex: 14    Spells: 4/14 levels left

rFire    . . .     SeeInvis .   j - +1 dagger (venom)
rCold    . . .     Faith    .   (no shield)
rNeg     . . .     Spirit   .   a - +0 robe
rPois    .         Reflect  .   (helmet restricted)
rElec    .         Harm     .   (no cloak)
rCorr    .         Rampage  .   (no gloves)
Will     .....                  (boots unavailable)
Stlth    ++........             (no amulet)
HPRegen  0.12/turn              (no ring)
MPRegen  0.14/turn              (no ring)

@: lethally poisoned (-3 -> -4)
A: beak, talons 3, able to fly
a: Fly, Renounce Religion, Curse Item, Scrying


You were on level 5 of the Dungeon.
You worshipped Ashenzari.
Ashenzari was aware of your devotion.
You visited 1 branch of the dungeon, and saw 5 of its levels.

You collected 143 gold pieces.

Inventory:

Hand Weapons
 b - a +0 short sword
 j - a +1 dagger of venom (weapon)
Armour
 a - a +0 robe (worn)
Wands
 p - a wand of enslavement (4)
Scrolls
 c - 2 scrolls of magic mapping {unknown}
 d - 4 scrolls of identify {unknown}
 f - a scroll of remove curse
 g - 3 scrolls of blinking {unknown}
 k - 2 scrolls of teleportation {unknown}
 l - a scroll of enchant armour {unknown}
 n - a scroll of random uselessness {unknown}
 o - a scroll of enchant weapon {unknown}
 r - 2 scrolls of immolation {unknown}
Potions
 e - a potion of mutation {unknown}
 h - a potion of heal wounds {unknown}
 i - 2 potions of haste {unknown}
 m - a potion of flight {unknown}
 q - 3 potions of attraction {unknown}


   Skills:
 - Level 2.1 Dodging
 - Level 2.0 Stealth
 + Level 4.1 Spellcasting
 - Level 1.3 Conjurations
 * Level 8.7 Air Magic


You had 4 spell levels left.
You knew the following spells:

 Your Spells              Type           Power        Failure   Level
a - Shock                 Conj/Air       80%          1%          1
b - Swiftness             Air            33%          1%          2
c - Static Discharge      Conj/Air       20%          6%          3
d - Airstrike             Air            16%          4%          4

Your spell library contained the following spells:

 Spells                   Type           Power        Failure   Level
 Animate Skeleton         Necr           6%           16%         1
 Apportation              Tloc           6%           16%         1
 Beastly Appendage        Tmut           6%           16%         1
 Corona                   Hex            3%           16%         1
 Summon Small Mammal      Summ           12%          16%         1
 Wereblood                Tmut           3%           24%         2
 Spider Form              Tmut/Pois      1%           43%         3
 Ice Form                 Ice/Tmut       3%           83%         4
 Lightning Bolt           Conj/Air       10%          47%         5
 Blade Hands              Tmut           1%           99%         5


Dungeon Overview and Level Annotations

Branches:
Dungeon (5/15)
 Temple: D:4-7

Altars:
Ashenzari
Kikubaaqudgha
Nemelex Xobeh

Shops:
D:4 [

Annotations:
D:3 3 runed translucent doors, Sonofthefire's ghost, amateur OpDe


Innate Abilities, Weirdness & Mutations

You have a beak for a mouth.
You have claws for feet.
You can fly continuously.


Message History

Casting: Shock (safe; 1% risk of failure)
Confirm with . or Enter, or press ? or * to list all spells.
The spell is quite dangerous to cast (4% risk of failure)!
Continue anyway?
Aiming: Airstrike (quite dangerous; 4% risk of failure)
Press: ? - help, Dir - move target, f - centaur
Aim: a centaur, wielding a +0 shortbow and quivering 14 arrows The air twists around and strikes the centaur!
The centaur is heavily wounded.
The centaur shoots an arrow.
The arrow completely misses you.
The centaur shoots an arrow.
The arrow closely misses you.
Casting: Airstrike (quite dangerous; 4% risk of failure)
Confirm with . or Enter, or press ? or * to list all spells.
The spell is quite dangerous to cast (4% risk of failure)!
Continue anyway?
Aiming: Airstrike (quite dangerous; 4% risk of failure)
Press: ? - help, Dir - move target, f/p - centaur
Aim: a centaur, wielding a +0 shortbow and quivering 12 arrows (heavily wounded)
The air twists around and strikes the centaur!
The centaur is almost dead.
You feel sick.
The centaur shoots an arrow.
The arrow hits you!
You die...

... #.# #.# #.#
########.#
........c####.# #.
######....(....c# #.
#......#(..#####.. #.
#.##.......@..#
##.###.####........##.
....##...........)....
###.................###
.................(....
###.###############.###
....##.........# .#
....##.........# .#
...............#


You could see a centaur.

Vanquished Creatures
  A sky beast (D:5)
  3 scorpions
  2 orc priests (D:3)
  2 orc wizards (D:3)
  Robin (D:2)
  An ooze (D:3)
  2 worms
  A dart slug (D:1)
  6 leopard geckos
  4 orcs (D:3)
  2 ball pythons
  10 bats
  3 giant cockroaches
  10 goblins
  11 hobgoblins
  3 jackals (D:1)
  A quokka (D:4)
  7 frilled lizards
  12 kobolds
  10 rats
92 creatures vanquished.

Vanquished Creatures (others)
  3 fungi (D:3)
  6 plants
9 creatures vanquished.

Grand Total: 101 creatures vanquished

Notes
Turn   | Place    | Note
-------+----------+-------------------------------------------
     0 | D:1      | lunkers the Tengu Air Elementalist began the quest for the
                  | Orb.
     0 | D:1      | Reached XP level 1. HP: 10/10 MP: 4/4
   532 | D:1      | Found a broken altar of Ashenzari.
   544 | D:1      | Became a worshipper of Ashenzari the Shackled
   578 | D:1      | Reached XP level 2. HP: 15/15 MP: 1/6
   872 | D:1      | Reached skill level 5 in Air Magic
   948 | D:1      | Reached XP level 3. HP: 19/19 MP: 4/7
  2499 | D:2      | Found a sparkling altar of Nemelex Xobeh.
  2710 | D:3      | Reached XP level 4. HP: 24/24 MP: 6/9
  2736 | D:3      | Noticed Robin
  2818 | D:2      | Killed Robin
  3046 | D:3      | Reached skill level 6 in Air Magic
  3227 | D:3      | Gained mutation: You can fly continuously. [Tengu growth]
  3227 | D:3      | Reached XP level 5. HP: 19/28 MP: 2/10
  3526 | D:3      | Found an ancient bone altar of Kikubaaqudgha.
  3608 | D:3      | Found a runed translucent gate.
  3608 | D:3      | Found a runed translucent gate.
  3608 | D:3      | Found a runed translucent gate.
  3609 | D:3      | Noticed a big kobold
  3611 | D:3      | Noticed Sonofthefire's ghost (amateur OpDe)
  4015 | D:3      | Reached * piety under Ashenzari
  4102 | D:3      | Reached skill level 7 in Air Magic
  4437 | D:3      | Learned a level 2 spell: Swiftness
  4441 | D:3      | Learned a level 3 spell: Static Discharge
  4446 | D:3      | Learned a level 4 spell: Airstrike
  4610 | D:4      | Reached XP level 6. HP: 26/32 MP: 3/12
  4751 | D:4      | Reached skill level 8 in Air Magic
  5090 | D:4      | Found Tumorao's Armour Shoppe.
  5247 | D:5      | Entered Level 5 of the Dungeon
  5266 | D:5      | Noticed a sky beast
  5274 | D:5      | Killed a sky beast
  5385 | D:5      | Reached XP level 7. HP: 24/36 MP: 10/14
  5402 | D:5      | Shot with an arrow by a centaur

Illustrated notes

Levels and vault maps discovered:
D:1:      dpeg_arrival_orchard, layout_loops_ring, serial_forest,
          infiniplex_forest_side_room, infiniplex_forest_straight_3,
          infiniplex_forest_clump_C, infiniplex_forest_lined_1,
          infiniplex_forest_straight_2, infiniplex_forest_end_1,
          infiniplex_forest_lined_room_3, infiniplex_forest_lined_room_2,
          evilmike_ruin_ashenzari
D:2:      minmay_wonky_spiral, layout_basic, nemelex_xobeh_ov_fountains_minmay
D:3:      layout_rooms, nicolae_overflow_crystal_walls,
          gammafunk_ghost_nasty_kobolds, uniq_robin
D:4:      layout_rooms, serial_shops, shop_fountains
D:5:      layout_basic, overflow_temple_1_default,
          nicolae_ossuary_entry_catacombs, uniq_sigmund, uniq_eustachio

Skill      XL: |  1  2  3  4  5  6 |
---------------+-------------------+-----
Air Magic      | 5 6 7 8 |  8.7
Spellcasting   | 3 4 |  4.1
Dodging        | |  2.1
Stealth        | |  2.0
Conjurations   | |  1.3

Action                   |  1- 3 |  4- 6 |  7- 9 || total
-------------------------+-------+-------+-------++-------
Melee: Unarmed           |     5 |       |       ||     5
       Short sword       |     3 |       |       ||     3
       Kick              |     1 |     6 |       ||     7
       Dagger            |       |    34 |       ||    34
       Peck              |       |     5 |       ||     5
 Cast: Shock             |    96 |    92 |       ||   188
       Airstrike         |       |     1 |     2 ||     3
 Stab: Sleeping          |       |     1 |       ||     1
Armor: Robe              |     5 |     3 |       ||     8
Dodge: Dodged            |    13 |    26 |     3 ||    42

Table legend: (Time is in decaauts)
 A = Elapsed time spent in this place.
 B = Non-inter-level travel time spent in this place.
 C = Inter-level travel time spent in this place.
 D = Time resting spent in this place.
 E = Time spent auto-exploring this place.
 F = Levels seen in this place.
 G = Mean time per level.
                   A        B        C        D        E       F      G
               +--------+--------+--------+--------+--------+-----+--------+
         Total |   5402 |   5323 |     79 |    202 |   4478 |   5 | 1080.4 |
       Dungeon |   5402 |   5323 |     79 |    202 |   4478 |   5 | 1080.4 |
               +--------+--------+--------+--------+--------+-----+--------+

Top non-repeatable levels by time:
     D:3: 1664 daAuts
     D:1: 1528 daAuts
     D:2: 1279 daAuts
     D:4: 774 daAuts
     D:5: 154 daAuts
